[Event "29th CRO-chT Junior 2020"]
[Site "Cakovec"]
[Date "2020.07.19"]
[Round "11"]
[White "Bedic, Noemi"]
[Black "Baric, Marko"]
[Result "1/2-1/2"]
[ECO "A05"]
[WhiteElo "1712"]
[BlackElo "1831"]
[Annotator "NA RC"]
[PlyCount "72"]
[EventDate "2020.??.??"]
[EventCountry "CRO"]
[SourceTitle "playchess.com"]
[Source "ChessBase"]
[SourceQuality "1"]
[TimeControl "5400+30"]

1. e4 c5 2. Nf3 Nc6 3. g3 g6 4. Bg2 Bg7 5. O-O d6 6. d3 Nf6 7. c3 O-O 8. Re1 Qb6 {A05: Réti Opening: 1 Nf3 Nf6.} 9. Nbd2 Be6 10. Ng5 Bg4 11. f3 Bd7 12. Nc4 Qc7 13. a4 h6 14. Nh3 {[#]} Na5 $146 ({Predecessor:} 14... Be6 15. Ne3 Bxh3 16. Bxh3 a6 17. Nd5 Qd8 18. Nxf6+ exf6 19. f4 b5 20. Be3 b4 {1-0 (38) Haas,G (2300)-Gitzinger,G (1950) Luxembourg 1998}) 15. Nxa5 Qxa5 16. d4 cxd4 17. cxd4 Qb6 18. Kh1 Rac8 19. Nf4 Rc4 20. d5 (20. Nd3 $11) 20... Nh7 (20... Qd4 $11) 21. a5 Qc7 22. Bf1 Rc5 23. a6 bxa6 24. Rxa6 Rc8 25. Be3 Ra5 26. b4 Rxa6 27. Bxa6 Rb8 28. Qb3 Qc3 29. Rb1 Ng5 (29... Qxb3 $16 30. Rxb3 Ba4) 30. Kg2 ({Inferior is} 30. Bxa7 Qxb3 31. Rxb3 Ra8 $15) 30... Ba4 $2 (30... Qc7 $16 {was worth a try.} 31. Qd3 Re8) 31. Qxc3 Bxc3 32. Rc1 Bf6 (32... Bb2 $16 {was worth a try.}) 33. h4 ({Weaker is} 33. Bxa7 Rxb4 34. Nd3 Rb3 $14) 33... Nh7 34. Rc8+ Rxc8 35. Bxc8 Bc3 $14 36. Bxa7 Bxb4 1/2-1/2

[Event "29th CRO-chT Junior 2020"]
[Site "Cakovec"]
[Date "2020.07.19"]
[Round "11"]
[White "Cecic-Sule, Dino"]
[Black "Jaksic, Josip"]
[Result "1-0"]
[ECO "D37"]
[WhiteElo "1695"]
[BlackElo "1616"]
[Annotator "NA RC"]
[PlyCount "81"]
[EventDate "2020.??.??"]
[EventCountry "CRO"]
[SourceTitle "playchess.com"]
[Source "ChessBase"]
[SourceQuality "1"]
[TimeControl "5400+30"]

1. d4 Nf6 2. Nf3 e6 3. c4 d5 4. Nc3 Be7 5. Bf4 O-O 6. e3 b6 7. Rc1 c5 8. Be2 dxc4 9. Bxc4 Ba6 10. Bxa6 Nxa6 11. O-O Nb4 12. Qe2 Nbd5 13. Bg3 Qd7 14. Rfd1 Qb7 15. Nxd5 Nxd5 16. a3 Rac8 17. h3 Rfd8 18. dxc5 Bxc5 19. e4 Nf6 20. Rxd8+ Rxd8 21. b4 Bf8 22. Bh4 Be7 23. Qc4 h6 24. Ne5 g5 25. Nc6 gxh4 26. Nxd8 Bxd8 27. Qc8 Qe7 28. Rd1 Nxe4 29. Qxd8+ Qxd8 30. Rxd8+ Kg7 31. Ra8 Nc3 32. Rxa7 Nd5 33. Rb7 Kf6 34. a4 Nxb4 35. Rxb6 Nd5 36. Rb7 Nc3 37. a5 Ne4 38. a6 Nc5 39. Rb6 Nd7 40. Rd6 Ke7 41. Rxd7+ 1-0

[Event "29th CRO-chT Junior 2020"]
[Site "Cakovec"]
[Date "2020.07.19"]
[Round "11"]
[White "Juric, Ester"]
[Black "Vuk, Sebastijan"]
[Result "1-0"]
[ECO "A52"]
[WhiteElo "1663"]
[BlackElo "1367"]
[Annotator "NA RC"]
[PlyCount "133"]
[EventDate "2020.??.??"]
[EventCountry "CRO"]
[SourceTitle "playchess.com"]
[Source "ChessBase"]
[SourceQuality "1"]
[TimeControl "5400+30"]

1. d4 Nf6 2. c4 e5 3. dxe5 Ng4 4. Nf3 Nc6 5. Nc3 Ngxe5 6. e3 Bb4 7. Bd2 a5 8. a3 Bc5 9. Ne4 Be7 10. Bc3 Nxf3+ 11. Qxf3 O-O 12. Qg3 f6 13. Be2 d6 14. h4 Bf5 15. Nd2 Qd7 16. h5 Rae8 17. h6 Bd8 18. Rh4 Bg6 19. hxg7 Qxg7 20. O-O-O b6 21. f4 Bf5 22. Qxg7+ Kxg7 23. g4 Bd7 24. Rdh1 Rh8 25. e4 h6 26. Bf3 Be7 27. Nf1 Bd8 28. Ng3 Ne7 29. Nh5+ Kf7 30. Nxf6 Ng6 31. Nxd7 Nxh4 32. Bxh8 Nxf3 33. Rxh6 Rxe4 34. Rh7+ Kg8 35. Rh5 Rxc4+ 36. Kd1 Rxf4 37. Bc3 Kf7 38. Rh7+ Ke6 39. Rg7 Rf7 40. Rxf7 Kxf7 41. Ke2 Ng5 42. Nb8 Ne4 43. Be1 Bf6 44. b4 a4 45. Kd3 d5 46. Kc2 Ke6 47. Nc6 Kd6 48. b5 Kc5 49. Nb4 Bg5 50. Na6+ Kd6 51. Bb4+ Nc5 52. Kc3 Bf6+ 53. Kd2 d4 54. Ke2 Bd8 55. Kf3 Bg5 56. Ke2 c6 57. Bxc5+ bxc5 58. b6 Bd8 59. b7 Bc7 60. Nxc7 Kxc7 61. g5 c4 62. g6 c3 63. Kd3 Kxb7 64. g7 Kb6 65. g8=Q Kb5 66. Qc4+ Kb6 67. Kxd4 1-0

[Event "29th CRO-chT Junior 2020"]
[Site "Cakovec"]
[Date "2020.07.19"]
[Round "11"]
[White "Karlovcec, David"]
[Black "Damjanovic, Stjepan"]
[Result "0-1"]
[ECO "D40"]
[WhiteElo "1655"]
[BlackElo "1867"]
[Annotator "NA RC"]
[PlyCount "58"]
[EventDate "2020.??.??"]
[EventCountry "CRO"]
[SourceTitle "playchess.com"]
[Source "ChessBase"]
[SourceQuality "1"]
[TimeControl "5400+30"]

1. d4 Nf6 2. c4 e6 3. Nf3 c5 4. e3 d5 5. Nc3 Nc6 6. a3 b6 {[#]} 7. cxd5 $1 Nxd5 8. Bb5 Bb7 9. Qa4 Qd6 10. Ne5 Nde7 11. O-O a6 12. Bxc6+ Nxc6 13. Nc4 $17 (13. Ne4 $15 Qc7 14. Nf3) 13... Qd8 14. Rd1 b5 15. Qb3 cxd4 16. exd4 Qc7 17. d5 bxc4 18. Qxc4 Bd6 19. dxc6 Bxh2+ 20. Kh1 Bxc6 21. Qg4 O-O 22. Bh6 Be5 23. f4 Bf6 24. Rd3 Qa5 25. Rg3 Qf5 26. Qe2 Kh8 27. Bxg7+ Bxg7 28. Rg5 Qh3+ 29. Kg1 Bd4+ 0-1

[Event "29th CRO-chT Junior 2020"]
[Site "Cakovec"]
[Date "2020.07.19"]
[Round "11"]
[White "Dankos, Mislav"]
[Black "Zekic, Patrik"]
[Result "0-1"]
[ECO "D37"]
[WhiteElo "1274"]
[BlackElo "1699"]
[Annotator "NA RC"]
[PlyCount "72"]
[EventDate "2020.??.??"]
[EventCountry "CRO"]
[SourceTitle "playchess.com"]
[Source "ChessBase"]
[SourceQuality "1"]
[TimeControl "5400+30"]

1. d4 d5 2. c4 e6 3. Nc3 Nf6 4. Nf3 Be7 5. Bf4 O-O 6. e3 a6 7. a4 b6 8. Bd3 Bb7 9. O-O Nbd7 10. Rc1 c5 11. cxd5 exd5 12. b3 Re8 13. Re1 Rc8 14. Qe2 cxd4 15. Nxd4 Bb4 16. Qb2 Ne4 17. Bxe4 dxe4 18. Red1 Qf6 19. Nce2 Nc5 20. Rc4 Nd3 21. Qb1 Rxc4 22. bxc4 Bc5 23. a5 Bc8 24. axb6 Bxb6 25. Bg3 Rd8 26. Kh1 Bg4 27. h3 Bxd4 28. hxg4 Qh6+ 29. Kg1 Bxe3 30. fxe3 Qxe3+ 31. Kf1 f5 32. Bh4 g5 33. Nc1 gxh4 34. Nxd3 exd3 35. gxf5 Rd4 36. Re1 Rf4# 0-1

[Event "29th CRO-chT Junior 2020"]
[Site "Cakovec"]
[Date "2020.07.19"]
[Round "11"]
[White "Kristofic, Dino"]
[Black "Mandaric, Fran"]
[Result "0-1"]
[ECO "B77"]
[WhiteElo "1271"]
[BlackElo "1671"]
[Annotator "NA RC"]
[PlyCount "45"]
[EventDate "2020.??.??"]
[EventCountry "CRO"]
[SourceTitle "playchess.com"]
[Source "ChessBase"]
[SourceQuality "1"]
[TimeControl "5400+30"]

1. e4 c5 2. Nf3 Nc6 3. Nc3 g6 4. d4 cxd4 5. Nxd4 Bg7 6. Be3 d6 7. Bc4 Nf6 8. Qd2 O-O 9. f3 e6 10. Bg5 Nxd4 11. Qxd4 Nxe4 12. Nxe4 Bxd4 13. Bxd8 Rxd8 14. Rd1 Bxb2 15. Rxd6 Rxd6 16. Nxd6 Be5 17. Ne4 Bd7 18. Ke2 Rc8 19. Bb3 Bc6 20. Nf2 a5 21. a4 b5 22. axb5 Bxb5+ 23. Nd3 0-1